 Dungeon Crawl Stone Soup version 0.28-a0-1038-g9c4cb8273d (webtiles) character file.

Game seed: 7785457861775212467

22 croobank the Caller (level 2, -1/15 HPs)
             Began as a Tengu Summoner on Dec 9, 2021.
             Slain by a kobold (3 damage)
             ... on level 1 of the Dungeon.
             The game lasted 00:03:36 (545 turns).

croobank the Caller (Tengu Summoner)                 Turns: 545, Time: 00:03:36

Health: -1/15      AC:  2    Str:  8    XL:     2   Next: 91%
Magic:  6/6        EV: 12    Int: 15    God:
Gold:   47         SH:  0    Dex: 14    Spells: 4/5 levels left

rFire   . . .      SeeInvis .   f - +0 spear
rCold   . . .      Faith    .   (no shield)
rNeg    . . .      Spirit   .   a - +0 robe
rPois   .          Reflect  .   (helmet restricted)
rElec   .          Harm     .   (no cloak)
rCorr   .          Rampage  .   (no gloves)
Will    .....                   (boots unavailable)
Stlth   ++........              (no amulet)
HPRegen 0.05/turn               (no ring)
MPRegen 0.10/turn               (no ring)

@: no status effects
A: beak, talons 3
a: no special abilities


You were on level 1 of the Dungeon.
You visited 1 branch of the dungeon, and saw 1 of its levels.

You collected 47 gold pieces.

Inventory:

Hand Weapons
 d - a +0 dagger
 f - a +0 spear (weapon)
 h - a +0 hunting sling
Missiles
 g - 36 stones
Armour
 a - a +0 robe (worn)
 e - a +0 scale mail
Scrolls
 c - a scroll of brand weapon
Potions
 b - a potion of might {unknown}


   Skills:
 * Level 0.2 Fighting
 * Level 0.2 Polearms
 + Level 2.5 Dodging
 + Level 2.1 Stealth
 + Level 0.2 Unarmed Combat
 + Level 2.1 Spellcasting
 + Level 5.3 Summonings


You had 4 spell levels left.
You knew the following spells:

 Your Spells              Type           Power      Damage    Failure   Level
a - Summon Small Mammal   Summ           68%        N/A       2%          1

Your spell library contained the following spells:

 Spells                   Type           Power      Damage    Failure   Level
 Call Imp                 Summ           17%        N/A       3%          2
 Call Canine Familiar     Summ           17%        N/A       8%          3
 Summon Guardian Golem    Hex/Summ       9%         N/A       22%         3
 Summon Lightning Spire   Summ/Air       9%         N/A       58%         4


Dungeon Overview and Level Annotations

Branches:
Dungeon (1/15)

Altars:


Innate Abilities, Weirdness & Mutations

You have a beak for a mouth.
You have claws for feet.


Message History

Found a stone staircase leading down.
A kobold comes into view. It is wielding a +0 short sword.
Found an escape hatch in the floor.
There is an open door here.
Casting: Summon Small Mammal (safe; 2% risk of failure)
Confirm with . or Enter, or press ? or * to list all spells.
You swap places.
Your bat hits the kobold but does no damage.
You barely miss the kobold.
Your bat completely misses the kobold.
The kobold hits you with a +0 short sword.
You barely miss the kobold. Your kick misses the kobold.
Your peck misses the kobold.
Your bat barely misses the kobold.
The kobold closely misses you.
You hit the kobold but do no damage. Your peck misses the kobold.
Your bat barely misses the kobold.
The kobold hits you with a +0 short sword.
The kobold hits you but does no damage.
You hit the kobold.
The kobold is moderately wounded.
Your bat closely misses the kobold.
The kobold hits you with a +0 short sword.
You closely miss the kobold. Your kick misses the kobold.
Your peck misses the kobold.
The kobold is moderately wounded.
Your bat closely misses the kobold.
The kobold hits you with a +0 short sword.
You closely miss the kobold. You peck the kobold, but do no damage.
The kobold is moderately wounded.
Your bat misses the kobold.
The kobold hits you with a +0 short sword.
* * * LOW HITPOINT WARNING * * *
You hit the kobold but do no damage.
The kobold is moderately wounded.
Your bat completely misses the kobold.
The kobold closely misses you.
You barely miss the kobold. Your kick misses the kobold.
Your peck misses the kobold.
The kobold is moderately wounded.
Your bat closely misses the kobold.
The kobold hits you with a +0 short sword.
You die...

#.........).....##
#.........†.....#
#####...........#
#...........###
#...........#..
####......#......)
#..'..............
#.##.........#.###
#@############.# #
#K# #.# #
#.....>...>...
...##
#........#####
#.... #.....b..#
..... #........#
#.#.# #........#
#.#.. #........#
#.##. .........#
#.##.


You could see a kobold (ally target) and a friendly bat (summoned).

Vanquished Creatures
  A ball python (D:1)
  6 endoplasms (D:1)
  A giant cockroach (D:1)
  4 goblins (D:1)
  2 kobolds (D:1)
  2 frilled lizards (D:1)
  A rat (D:1)
17 creatures vanquished.

Vanquished Creatures (collateral kills)
  An endoplasm (D:1)
1 creature vanquished.

Grand Total: 18 creatures vanquished

Notes
Turn   | Place    | Note
-------+----------+-------------------------------------------
     0 | D:1      | croobank the Tengu Summoner began the quest for the Orb.
     0 | D:1      | Reached XP level 1. HP: 10/10 MP: 4/4
   180 | D:1      | Reached skill level 5 in Summonings
   258 | D:1      | Reached XP level 2. HP: 15/15 MP: 3/6
   545 | D:1      | Slain by a kobold

Illustrated notes

Levels and vault maps discovered:
D:1:      lemuel_arrival_tunnels, layout_basic,
          dreamdust_ecumenical_altar_hidden_monk_grotto

Skill      XL: |  1 |
---------------+----+-----
Summonings     | 5 |  5.3
Fighting       | |  0.2
Polearms       | |  0.2
Dodging        | |  2.5
Stealth        | |  2.1
Unarmed Combat | |  0.2
Spellcasting   | |  2.1

Action                   || total
-------------------------++-------
Melee: Unarmed           ||    11
       Kick              ||    11
       Dagger            ||     9
       Spear             ||    27
       Peck              ||     4
 Cast: Summon Small Mamm ||     8
  Use: Scroll            ||     1
 Stab: Sleeping          ||     2
Armor: Robe              ||     8
Dodge: Dodged            ||    26

Table legend: (Time is in decaauts)
 A = Elapsed time spent in this place.
 B = Non-inter-level travel time spent in this place.
 C = Inter-level travel time spent in this place.
 D = Time resting spent in this place.
 E = Time spent auto-exploring this place.
 F = Levels seen in this place.
 G = Mean time per level.
                   A        B        C        D        E       F      G
               +--------+--------+--------+--------+--------+-----+--------+
         Total |    546 |    546 |      0 |      0 |    325 |   1 |  546.0 |
       Dungeon |    546 |    546 |      0 |      0 |    325 |   1 |  546.0 |
               +--------+--------+--------+--------+--------+-----+--------+

Top non-repeatable levels by time:
     D:1: 546 daAuts
